 Dungeon Crawl Stone Soup version 0.31-a0-1172-g9944ec47dd (webtiles) character file.

Game seed: 12778569134343214319

36785 whatisthis the Fighter (level 13, 0/123 HPs)
             Began as a Ghoul Venom Mage on Dec 10, 2023.
             Was the Champion of Kikubaaqudgha.
             Slain by a sea snake (20 damage)
             ... on level 4 of the Lair of Beasts on Dec 11, 2023.
             The game lasted 01:48:04 (24329 turns).

whatisthis the Fighter (Ghoul Venom Mage)          Turns: 24329, Time: 01:48:05

Health: 0/123      AC:  9    Str: 13    XL:     13   Next: 92%
Magic:  1/26       EV: 11    Int: 30    God:    Kikubaaqudgha [******]
Gold:   985        SH:  0    Dex:  9    Spells: 7/33 levels left

rFire   . . .        m - +5 whip "Mostrionn" {elec, rElec Stlth+}
rCold   + + .        (no shield)
rNeg    + + +        t - +2 leather armour {rC+}
rPois   ∞            M - +2 hat
rElec   +            A - +0 cloak
rCorr   .            x - +0 pair of gloves
SInv    .            (no boots)
Will    .....        n - amulet of regeneration
Stlth   ++           f - +6 ring of intelligence
HPRegen 0.00/turn    R - +6 ring of intelligence
MPRegen 0.20/turn

%: no passive effects
@: inhibited regen, studying Hexes
A: claws 1, cold resistance 1, negative energy resistance 3, inhibited
regeneration, torment resistance 2, devour on kill
a: Renounce Religion, Unearth Wretches, Torment, Brand Weapon With Pain, Receive
Forbidden Knowledge


You were on level 4 of the Lair of Beasts.
You worshipped Kikubaaqudgha.
Kikubaaqudgha was exalted by your worship.
You visited 2 branches of the dungeon, and saw 17 of its levels.

You collected 985 gold pieces.

Inventory:

Hand Weapons
 m - the +5 whip "Mostrionn" (weapon) {elec, rElec Stlth+}
   (You found it on level 3 of the Dungeon)

   rElec:     It insulates you from electricity.
   Stlth+:    It makes you more stealthy.
Missiles
 g - 151 stones (quivered)
 i - 21 poisoned darts
 k - 6 atropa-tipped darts
 v - 7 boomerangs
 G - a curare-tipped dart
Armour
 c - a +0 ring mail
 t - a +2 leather armour of cold resistance (worn)
 x - a +0 pair of gloves (worn)
 A - a +0 cloak (worn)
 M - a +2 hat (worn)
 T - a +0 pair of boots
Magical Staves
 j - a staff of poison
Jewellery
 a - a ring of flight
 f - a +6 ring of intelligence (left hand)
 n - an amulet of regeneration (around neck)
 q - a +4 ring of slaying
 R - a +6 ring of intelligence (right hand)
 V - an amulet of guardian spirit
Wands
 p - a wand of digging (5)
 E - a wand of paralysis (19)
 S - a wand of flame (14)
Scrolls
 h - 4 scrolls of teleportation
 r - 5 scrolls of poison
 s - 5 scrolls of blinking
 u - a scroll of amnesia {unknown}
 w - a scroll of summoning {unknown}
 y - a scroll of revelation {unknown}
 C - a scroll of enchant weapon {unknown}
 F - 3 scrolls of enchant armour
 H - 2 scrolls of silence
 I - a scroll of fear {unknown}
 K - 2 scrolls of torment {unknown}
 O - a scroll of brand weapon {unknown}
 P - 5 scrolls of fog
 Q - a scroll of immolation
Potions
 b - a potion of magic
 d - 3 potions of brilliance
 e - 7 potions of curing
 l - 4 potions of might
 o - 3 potions of resistance
 z - 2 potions of enlightenment
 B - 2 potions of degeneration {unknown}
 D - 2 potions of haste
 J - 3 potions of mutation {unknown}
 L - a potion of attraction {unknown}
 N - a potion of cancellation {unknown}
 U - 5 potions of ambrosia


   Skills:
 + Level 13.7 Fighting
 - Level 1.7 Dodging
 - Level 2.1 Stealth
 + Level 10.8 Spellcasting
 + Level 11.2 Necromancy
 - Level 2.7 Transmutations
 - Level 3.7 Air Magic
 + Level 8.1 Earth Magic
 - Level 6.6 Poison Magic


You had 7 spell levels left.
You knew the following spells:

 Your Spells              Type           Power      Damage    Failure   Level
a - Sting                 Tmut/Pois      100%       1d8       1%          1
b - Poisonous Vapours     Pois/Air       94%        N/A       1%          2
c - Mephitic Cloud        Conj/Pois/Air  37%        N/A       3%          3
d - Vampiric Draining     Necr           70%        2d11      1%          3
e - Dispel Undead         Necr           70%        3d24      1%          4
f - Olgreb's Toxic Radia  Pois           54%        N/A       2%          4
g - Animate Dead          Necr           70%        N/A       1%          4
h - Borgnjor's Vile Clut  Necr/Erth      32%        N/A       1%          5

Your spell library contained the following spells:

 Spells                   Type           Power      Damage    Failure   Level
 Kiss of Death            Conj/Necr      100%       2d13      1%          1
 Necrotise                Necr           100%       1d9       1%          1
 Agony                    Necr           70%        N/A       1%          5
 Apportation              Tloc           32%        N/A       4%          1
 Freeze                   Ice            64%        1d7       4%          1
 Anguish                  Hex/Necr       25%        N/A       4%          4
 Jinxbite                 Hex            32%        N/A       6%          2
 Frozen Ramparts          Ice            32%        1d5       12%         3
 Hailstorm                Conj/Ice       16%        3d6       12%         3
 Alistair's Intoxication  Tmut/Pois      29%        N/A       16%         5
 Manifold Assault         Tloc           16%        N/A       38%         4
 Summon Forest            Summ/Tloc      8%         N/A       75%         5
 Summon Mana Viper        Hex/Summ       16%        N/A       75%         5
 Haunt                    Necr/Summ      25%        N/A       98%         7
 Dispersal                Tloc           8%         N/A       99%         6
 Summon Cactus Giant      Summ           8%         N/A       99%         6
 Infestation              Necr           35%        N/A       95%         8
 Disjunction              Tloc           8%         N/A       100%        8


Dungeon Overview and Level Annotations

Branches:
Dungeon (12/15)            Temple (0/1) D:4            Lair (5/5) D:8
  Swamp (0/4) Lair:3        Snake (0/4) Lair:3        Slime (0/5) Lair:5
    Orc (0/2) D:10

Altars:
Ashenzari
Cheibriados
Fedhas
Gozag
Hepliaklqana
Kikubaaqudgha
Nemelex Xobeh
Okawaru
Ru
Sif Muna
Trog
Vehumet

Shops:
D:5 ((

Annotations:
D:4 1 runed translucent door, Crazy Yiuf, Pargi
D:5 exclusion: statue
D:6 2 transporters, Midpoint's ghost, novice OpEn
D:7 1 runed translucent door, kaesle's ghost, novice HOFi
D:9 2 transporters, drugrobin's ghost, novice DgDe
D:10 1 runed translucent door, Ebatzav's ghost, journeyman DrAr
D:11 exclusions: ice statue and orange crystal statue
Lair:1 exclusion: oklob plant


Innate Abilities, Weirdness & Mutations

You are immune to poison.
You have sharp fingernails.
Your flesh is cold resistant. (rC+)
You are immune to negative energy. (rN+++)
You do not regenerate when monsters are visible.
You are immune to unholy pain and torment.
You thrive by killing the living.


Message History

The sea snake bites you!
You miss the sea snake.
The sea snake is severely wounded.
The sea snake bites you but does no damage.
The sea snake bites you!
* * * LOW HITPOINT WARNING * * *
Aiming: Throw Flame
Press: ? - help, Shift-Dir - straight line, f/p - sea snake
Aim: a sea snake (almost dead, poisoned, 48% to hit)
The puff of flame hits the sea snake.
The sea snake is almost dead.
The sea snake closely misses you.
Unknown command.
You feel better.
The sea snake bites you but does no damage.
You closely miss the sea snake.
The sea snake is almost dead.
The sea snake closely misses you.
Casting: Sting (safe; 1% risk of failure)
Confirm with . or Enter, or press ? or * to list all spells.
Aiming: Sting (safe; 1% risk of failure)
Press: ? - help, Shift-Dir - straight line, f/p - sea snake
Aim: a sea snake (almost dead, poisoned, 63% to hit)
The sting hits the sea snake but does no damage.
The sea snake looks even sicker.
The sea snake is almost dead.
The sea snake barely misses you.
Casting: Sting (safe; 1% risk of failure)
Confirm with . or Enter, or press ? or * to list all spells.
Aiming: Sting (safe; 1% risk of failure)
Press: ? - help, Shift-Dir - straight line, f/p - sea snake
Aim: a sea snake (almost dead, poisoned, 63% to hit)
The sting hits the sea snake but does no damage.
The sea snake looks even sicker.
The sea snake is almost dead.
The sea snake bites you!
* * * LOW HITPOINT WARNING * * *
The sea snake bites you!!
You die...
Kikubaaqudgha rasps: "You have failed me!
Welcome... oblivion!"

.............#.###...#####
.......................#.###
...............[...........#### #
...........................#..###
..............#.##P..............
...........#.##.##...#.##........
............##...........#.......
...#....####.#...........##.####.
....#...##......@....#..###.# ##
.........#.#.#...S####..###.#####
...P#...##.P.......#.....##..#.##
....................##...##......
............................#####
....##.##...................# #
...###......................##
....#........................#
....................##.##..###


You could see a sea snake (very poisoned).

Vanquished Creatures
  Gastronok (D:9)
  2 hydras (Lair:3)
  A two-headed ogre (D:10)
  A sea snake (Lair:5)
  A lindwurm (Lair:5)
  2 cyclopes
  3 elephants
  Joseph (D:8)
  3 black mambas
  An unseen horror (D:11)
  2 rime drakes
  Jeremiah (D:7)
  8 cane toads
  9 komodo dragons
  A queen bee (Lair:1)
  A hornet (D:9)
  2 wind drakes (Lair:5)
  2 polar bears
  5 blink frogs
  3 shadows
  47 yaks
  8 wyverns
  A steam dragon (D:9)
  A wraith (D:8)
  2 basilisks (D:8)
  5 vampire mosquitoes (D:11)
  A warg (D:10)
  11 water moccasins
  5 orc warriors
  2 black bears (D:6)
  2 sky beasts
  2 ogres
  4 wolves
  A phantom (D:4)
  3 kobold brigands
  6 centaurs
  Blork the orc (D:4)
  12 bullfrogs
  3 necrophages (D:7)
  A scorpion (D:5)
  9 wights
  31 killer bees
  A howler monkey (D:5)
  A bullfrog zombie (D:7)
  4 hounds
  15 jellies
  5 orc priests
  Jessica (D:2)
  A sleepcap (D:6)
  Terence (D:3)
  8 iguanas
  5 orc wizards
  3 killer bee zombies (D:7)
  3 adders
  2 gnolls (D:10)
  A shadow imp (D:5)
  2 ufetubi
  2 worms
  A dart slug (D:2)
  45 orcs
  5 ball pythons
  4 endoplasms
  3 goblins
  4 hobgoblins
  6 jackals
  3 quokkas
  5 bats
  2 frilled lizards
  17 kobolds
  7 rats
365 creatures vanquished.

Vanquished Creatures (collateral kills)
  2 black mambas (Lair:3)
  2 elephants (Lair:4)
  2 cane toads
  3 komodo dragons
  4 blink frogs (Lair:4)
  5 yaks
  A basilisk (Lair:3)
  A naga (Lair:3)
  4 water moccasins
  A wolf (Lair:2)
25 creatures vanquished.

Vanquished Creatures (others)
  A hydra zombie (Lair:3)
  A black mamba zombie (Lair:3)
  3 elephant zombies (Lair:4)
  A water moccasin zombie (Lair:3)
  19 yak zombies
  A wolf zombie (Lair:2)
  A bullfrog zombie (Lair:3)
27 creatures vanquished.

Grand Total: 417 creatures vanquished

Notes
Turn   | Place    | Note
-------+----------+-------------------------------------------
     0 | D:1      | whatisthis the Ghoul Venom Mage began the quest for the
                  | Orb.
     0 | D:1      | Reached XP level 1. HP: 14/14 MP: 2/2
    54 | D:1      | Reached skill level 1 in Transmutations
    83 | D:1      | Found a faded altar of an unknown god.
   102 | D:1      | Reached XP level 2. HP: 19/22 MP: 0/3
   147 | D:1      | Prayed at the altar of an unknown god.
   147 | D:1      | Became a worshipper of Kikubaaqudgha
   147 | D:1      | Reached * piety under Kikubaaqudgha
   147 | D:1      | Received a gift from Kikubaaqudgha
   298 | D:1      | Reached skill level 1 in Fighting
   705 | D:2      | Noticed Jessica
   709 | D:2      | Killed Jessica
   710 | D:2      | Reached XP level 3. HP: 28/28 MP: 2/5
  1028 | D:2      | Reached XP level 4. HP: 36/36 MP: 3/6
  1527 | D:2      | Learned a level 2 spell: Poisonous Vapours
  1779 | D:3      | Reached ** piety under Kikubaaqudgha
  1807 | D:3      | Identified the +5 whip "Mostrionn" {elec, rElec Stlth+}
  1911 | D:3      | Reached skill level 2 in Fighting
  1985 | D:3      | Noticed Terence
  1991 | D:3      | Killed Terence
  1992 | D:3      | Reached XP level 5. HP: 31/41 MP: 2/7
  2147 | D:3      | Found a sparkling altar of Nemelex Xobeh.
  2351 | D:4      | Found a staircase to the Ecumenical Temple.
  2453 | D:4      | Noticed an ogre
  2457 | D:4      | Noticed Blork the orc
  2485 | D:4      | Killed an ogre
  2583 | D:4      | Noticed Pargi
  2802 | D:4      | Noticed a phantom
  2809 | D:4      | Killed a phantom
  2810 | D:4      | Reached skill level 3 in Fighting
  2810 | D:4      | Reached XP level 6. HP: 47/51 MP: 7/9
  3043 | D:4      | Found a runed translucent door.
  3044 | D:4      | Noticed Crazy Yiuf
  3216 | D:4      | Killed Blork the orc
  3372 | D:4      | Reached skill level 1 in Air Magic
  3719 | D:5      | Entered Level 5 of the Dungeon
  3724 | D:5      | Reached XP level 7. HP: 56/57 MP: 5/11
  3950 | D:5      | Found Ruatyw's Weapon Shop.
  4143 | D:5      | Found a radiant altar of Vehumet.
  4355 | D:5      | Reached skill level 4 in Fighting
  4539 | D:5      | Reached skill level 5 in Poison Magic
  5112 | D:5      | Found Kaaczo's Weapon Shop.
  5303 | D:5      | Reached XP level 8. HP: 67/67 MP: 4/13
  5572 | D:6      | Found Pyroacw's Weapon Shop.
  5618 | D:5      | Reached *** piety under Kikubaaqudgha
  5618 | D:5      | Received a gift from Kikubaaqudgha
  5619 | D:5      | Reached skill level 5 in Fighting
  5650 | D:5      | Learned a level 3 spell: Mephitic Cloud
  6058 | D:6      | Noticed a two-headed ogre
  6062 | D:6      | Noticed Midpoint's ghost (novice OpEn)
  6158 | D:6      | Found a transporter.
  6507 | D:6      | Found a transporter.
  6685 | D:7      | Noticed Jeremiah
  6723 | D:7      | Killed Jeremiah
  6724 | D:7      | Reached skill level 6 in Fighting
  6724 | D:7      | Reached skill level 5 in Spellcasting
  6724 | D:7      | Reached XP level 9. HP: 72/75 MP: 2/15
  6836 | D:7      | Learned a level 3 spell: Vampiric Draining
  6841 | D:7      | Learned a level 4 spell: Dispel Undead
  7063 | D:7      | Reached skill level 1 in Necromancy
  7352 | D:7      | Found a blossoming altar of Fedhas.
  7626 | D:7      | Reached skill level 7 in Fighting
  7690 | D:7      | Found a runed translucent door.
  7691 | D:7      | Noticed kaesle's ghost (novice HOFi)
  7692 | D:7      | Noticed a cyclops
  8321 | D:8      | Reached **** piety under Kikubaaqudgha
  8514 | D:8      | Noticed an elephant
  8779 | D:8      | Reached XP level 10. HP: 58/88 MP: 13/18
  8879 | D:7      | Killed an elephant
  8880 | D:7      | Reached skill level 8 in Fighting
  9175 | D:7      | Learned a level 4 spell: Olgreb's Toxic Radiance
  9327 | D:8      | Noticed Joseph
  9384 | D:8      | Killed Joseph
  9385 | D:8      | Reached skill level 5 in Necromancy
  9753 | D:8      | Found a staircase to the Lair.
  9922 | D:9      | Learned a level 4 spell: Animate Dead
  9963 | D:9      | Noticed Gastronok
  9994 | D:9      | Found a transporter.
 10021 | D:9      | Killed Gastronok
 10022 | D:9      | Reached skill level 9 in Fighting
 10110 | D:9      | Noticed drugrobin's ghost (novice DgDe)
 10125 | D:9      | Found a transporter.
 10677 | D:9      | Reached XP level 11. HP: 73/99 MP: 0/21
 11020 | D:9      | Reached skill level 10 in Fighting
 11117 | D:9      | Found a shimmering blue altar of Sif Muna.
 11124 | D:9      | Found a sacrificial altar of Ru.
 11169 | D:9      | Found an opulent altar of Gozag.
 11172 | D:9      | Found a broken altar of Ashenzari.
 11178 | D:9      | Found a snail-covered altar of Cheibriados.
 11532 | D:10     | Entered Level 10 of the Dungeon
 12104 | D:10     | Noticed a two-headed ogre
 12145 | D:10     | Killed a two-headed ogre
 12237 | D:10     | Noticed a cyclops
 12331 | D:10     | Killed a cyclops
 12615 | D:10     | Found a staircase to the Orcish Mines.
 12811 | D:10     | Found a hazy altar of Hepliaklqana.
 12981 | D:10     | Reached ***** piety under Kikubaaqudgha
 13228 | D:10     | Found a runed translucent door.
 13231 | D:10     | Noticed Ebatzav's ghost (journeyman DrAr)
 13231 | D:10     | Identified the +9 spear of the Skies Above {freeze, Will+
                  | Str+3 Stlth+}
 13530 | D:11     | Noticed a cyclops
 13734 | D:11     | Reached skill level 11 in Fighting
 14092 | D:11     | Killed a cyclops
 14262 | D:11     | Noticed an orange crystal statue
 14510 | D:10     | Found a bloodstained altar of Trog.
 14510 | D:10     | Found an iron altar of Okawaru.
 14532 | D:11     | Learned a level 5 spell: Borgnjor's Vile Clutch
 14945 | Lair:1   | Entered Level 1 of the Lair of Beasts
 14953 | Lair:1   | Reached skill level 1 in Earth Magic
 15188 | Lair:1   | Reached XP level 12. HP: 110/110 MP: 2/24
 16244 | Lair:1   | Reached skill level 12 in Fighting
 18113 | Lair:2   | Reached skill level 5 in Earth Magic
 18478 | Lair:2   | Identified the +9 long sword of the Slashing Oracle {heavy,
                  | rElec Will- Str+2}
 19442 | Lair:3   | Noticed a four-headed hydra
 19909 | Lair:3   | Reached skill level 10 in Necromancy
 19909 | Lair:3   | Reached XP level 13. HP: 108/119 MP: 12/25
 19913 | Lair:3   | Reached skill level 10 in Spellcasting
 20453 | Lair:3   | Found a staircase to the Swamp.
 20679 | Lair:3   | Reached skill level 13 in Fighting
 20907 | Lair:3   | Found a staircase to the Snake Pit.
 21561 | Lair:4   | Identified the +2 rapier of Imminent Death {heavy, rF- rN++
                  | Will+++}
 21617 | Lair:3   | HP: 5/122 [black mamba (13)]
 22440 | Lair:4   | Identified the +8 trident of Xurihoukh {spect, *Noise *Slow
                  | Will+++ rCorr}
 23143 | Lair:5   | Entered Level 5 of the Lair of Beasts
 23213 | Lair:5   | Found a staircase to the Slime Pits.
 24129 | Lair:5   | Reached ****** piety under Kikubaaqudgha
 24329 | Lair:4   | Slain by a sea snake

Illustrated notes

Levels and vault maps discovered:
D:1:      mrwooster_arrival_statue_3, layout_loops_ring,
          ebering_ecumenical_altar_sacrificial
D:2:      layout_basic, uniq_jessica
D:3:      layout_basic, nemelex_dance_club_becter, kennysheep_generic_room_10,
          uniq_terence
D:4:      layout_loops_corners, nicolae_elyvilon_temple_path,
          minmay_temple_entry_glass, uniq_blork_the_orc,
          uniq_crazy_yiuf_cottage, uniq_pargi
D:5:      layout_loops_ring, vehumet_statue, nicolae_tso_swordbearing_angel,
          serial_shops, nicolae_shop_advertising_works
          [nicolae_subvault_shop_adworks], abandoned_shop,
          nicolae_inconvenience_store, nrook_mini_backslash, nicolae_the_louvre
D:6:      layout_rooms, serial_shops, shop, gammafunk_ghost_arena
D:7:      layout_gridville, fedhas_altar_decomposition,
          ebering_ghost_inner_flame, nrook_mini_vaults, uniq_jeremiah
D:8:      layout_cave_pools, david_lair_generic, serial_park,
          serial_park_tiny_pond, serial_park_tiny_1, serial_park_square3
          [serial_park_minivault_5x5_8], uniq_joseph
D:9:      layout_roguey, nicolae_overflow_hallway_of_the_gods,
          gammafunk_ghost_stat_death, dreamdust_wishing_well, chequers_avenue,
          uniq_gastronok
D:10:     minmay_goldmine, layout_basic, nicolae_overflow_hidden_temple,
          erik_orc_3, serial_glass, glass_columns_b, glass_columns_a,
          glass_columns_b, glass_columns_b, feat_on_display,
          ebering_ghost_funeral_grove
D:11:     minmay_separated_statues, layout_rooms
D:12:     layout_loops_corners, muffindrake_ghost_dual_entry, uniq_psyche
Lair:1:   layout_cave_pods, special_room [special_room_bee], beast_lair_carwin_9
Lair:2:   layout_gridlike, infiniplex_staircase_pool_2
Lair:3:   layout_roguey, swamp_mist, guppyfry_snake_entry_island,
          lemuel_fruit_tree, grunt_megastairs_1, infiniplex_staircase_pool
Lair:4:   layout_gridlike
Lair:5:   gammafunk_lair_ancient_temple, layout_gridlike,
          minmay_slime_entry_jelly_boxes

Skill      XL: |  1  2  3  4  5  6  7  8  9 10 11 12 13 |
---------------+----------------------------------------+-----
Transmutations | 1 2 |  2.7
Spellcasting   | 2 3 4 5 6 7 9 10 | 10.8
Fighting       | 1 2 3 4 6 7 9 11 12 13 | 13.7
Poison Magic   | 4 5 6 |  6.6
Air Magic      | 1 2 3 |  3.7
Necromancy     | 4 6 8 10 11 | 11.2
Earth Magic    | 1 5 8 |  8.1
Dodging        | |  1.7
Stealth        | |  2.1

Action                     |  1- 3 |  4- 6 |  7- 9 | 10-12 | 13-15 || total
---------------------------+-------+-------+-------+-------+-------++-------
  Melee: Unarmed           |    57 |     4 |       |       |       ||    61
         Punch             |     1 |     1 |     3 |     1 |       ||     6
         Staff             |       |     9 |     1 |    27 |     9 ||    46
         Whip              |       |    34 |   115 |   131 |    50 ||   330
  Throw: Dart              |       |     2 |     1 |     4 |       ||     7
         Boomerang         |       |       |     5 |       |       ||     5
         Stone             |       |       |     4 |       |       ||     4
   Cast: Sting             |    15 |    41 |    62 |    16 |    36 ||   170
         Poisonous Vapours |       |    14 |   110 |   115 |    24 ||   263
         Mephitic Cloud    |       |       |     6 |    20 |     2 ||    28
         Vampiric Draining |       |       |     2 |    10 |       ||    12
         Dispel Undead     |       |       |     2 |    17 |       ||    19
         Olgreb's Toxic Ra |       |       |       |    47 |    12 ||    59
         Borgnjor's Vile C |       |       |       |    82 |    79 ||   161
         Animate Dead      |       |       |       |     6 |     6 ||    12
  Evoke: Wand              |       |       |     1 |       |     4 ||     5
    Use: Scroll            |       |       |     5 |     7 |     2 ||    14
         Potion            |       |       |       |       |     2 ||     2
   Stab: Sleeping          |     2 |       |       |       |       ||     2
         Confused          |       |       |       |     1 |       ||     1
 Armour: Robe              |    21 |    24 |       |       |       ||    45
         Leather armour    |       |     8 |   138 |   212 |   111 ||   469
  Dodge: Dodged            |    33 |    39 |   107 |   101 |    80 ||   360

Table legend: (Time is in decaauts)
 A = Elapsed time spent in this place.
 B = Non-inter-level travel time spent in this place.
 C = Inter-level travel time spent in this place.
 D = Time resting spent in this place.
 E = Time spent auto-exploring this place.
 F = Levels seen in this place.
 G = Mean time per level.
                   A        B        C        D        E       F      G
               +--------+--------+--------+--------+--------+-----+--------+
         Total |  24363 |  23281 |   1082 |   9145 |   7320 |  17 | 1433.1 |
       Dungeon |  14973 |  14176 |    797 |   4456 |   5505 |  12 | 1247.8 |
          Lair |   9390 |   9105 |    285 |   4689 |   1815 |   5 | 1878.0 |
               +--------+--------+--------+--------+--------+-----+--------+

Top non-repeatable levels by time:
  Lair:1: 2939 daAuts
    D:10: 2341 daAuts
     D:7: 2035 daAuts
  Lair:2: 1906 daAuts
  Lair:3: 1904 daAuts
     D:5: 1865 daAuts
     D:9: 1701 daAuts
  Lair:4: 1468 daAuts
     D:4: 1353 daAuts
     D:8: 1247 daAuts
  Lair:5: 1171 daAuts
     D:6: 1044 daAuts
    D:11: 937 daAuts
     D:2: 877 daAuts
     D:3: 809 daAuts
